 Dungeon Crawl Stone Soup version 0.31-a0-164-g2312942fda (webtiles) character file.

Game seed: 3938692835122244011

509 Dittersdorf the Shield-Bearer (level 7, -2/44 HPs)
             Began as a Gargoyle Fighter on June 13, 2023.
             Killed by divine providence
             ... invoked by an orc priest
              (15 damage)
             ... on level 6 of the Dungeon.
             The game lasted 00:05:16 (3960 turns).

Dittersdorf the Shield-Bearer (Gargoyle Fighter)    Turns: 3960, Time: 00:05:17

Health: -2/44      AC: 18    Str: 21    XL:     7   Next: 19%
Magic:  7/7        EV:  8    Int:  9    God:
Gold:   218        SH:  4    Dex:  9    Spells: 6/6 levels left

rFire   . . .        u - +2 flail (protect)
rCold   + . .        c - +0 buckler
rNeg    + . .        f - +0 chain mail
rPois   ∞            h - +1 helmet
rElec   +            x - +0 cloak
rCorr   .            (no gloves)
SInv    +            (no boots)
Will    .....        (no amulet) Stlth
                     w - ring of Awe {rElec rPois rC+ SInv Stlth-}
HPRegen 0.27/turn    (no ring)
MPRegen 0.10/turn

%: no passive effects
@: no status effects
A: sickness immunity, AC +4, negative energy resistance 1, electricity
resistance, torment resistance 1, petrification resistance
a: no special abilities


You were on level 6 of the Dungeon.
You visited 1 branch of the dungeon, and saw 6 of its levels.
You also visited: Ossuary.

You collected 218 gold pieces.

Inventory:

Hand Weapons
 u - a +2 flail of protection (weapon)
Missiles
 p - 2 throwing nets
Armour
 c - a +0 buckler (worn)
 f - a +0 chain mail (worn)
 h - a +1 helmet (worn)
 l - a +0 plate armour
 x - a +0 cloak (worn)
Magical Staves
 r - a staff of earth
Jewellery
 w - the ring of Awe (left hand) {rElec rPois rC+ SInv Stlth-}
   (You found it on level 6 of the Dungeon)

   [ring of poison resistance]

   rC:        It protects you from cold.
   rElec:     It insulates you from electricity.
   rPois:     It protects you from poison.
   SInv:      It lets you see invisible.
   Stlth:     It makes you less stealthy.
Wands
 a - a wand of iceblast (14)
 t - a wand of flame (14)
Scrolls
 g - 2 scrolls of teleportation
 q - a scroll of blinking
 s - 2 scrolls of enchant armour
Potions
 b - 8 potions of curing {unknown}
 d - 3 potions of might
 e - a potion of lignification {unknown}
 i - a potion of invisibility
 j - 3 potions of brilliance
 k - 3 potions of haste
 m - 2 potions of heal wounds
 n - a potion of enlightenment
 v - 2 potions of mutation {unknown}


   Skills:
 + Level 5.1 Fighting
 + Level 4.1 Maces & Flails
 + Level 5.1 Armour
 + Level 5.2 Shields


You had 6 spell levels left.
You didn't know any spells.
Your spell library contained the following spells:

 Spells                   Type           Power      Damage    Failure   Level
 Apportation              Tloc           0%         N/A       97%         1
 Freeze                   Ice            0%         1d3       97%         1
 Frozen Ramparts          Ice            0%         1d1       100%        3
 Hailstorm                Conj/Ice       0%         3d3       100%        3
 Alistair's Intoxication  Tmut/Pois      0%         N/A       100%        5


Dungeon Overview and Level Annotations

Branches:
Dungeon (6/15)            Ossuary (visited)
 Temple: D:4-7

Altars:
Nemelex Xobeh

Annotations:
D:4 2 runed translucent doors, Moral's ghost, amateur NaAE


Innate Abilities, Weirdness & Mutations

You are immune to sickness and miasma.
Your stone body is resilient. (AC +4)
You are immune to poison.
You resist negative energy. (rN+)
You are resistant to electric shocks. (rElec)
You are resistant to unholy torment.
You are immune to petrification.


Message History

The gnoll sergeant hits you with a +0 trident of venom.
You hit the gnoll sergeant.
Your weapon exudes an aura of protection.
The gnoll sergeant is lightly wounded.
The gnoll sergeant hits you but does no damage.
The white imp shouts, "Leave, thou quaking weather-bitten ratsbane!"
A jelly comes into view.
You barely miss the gnoll sergeant.
The gnoll sergeant is lightly wounded.
The orc priest looks satisfied for a moment.
The gnoll sergeant hits you but does no damage.
The gnoll sergeant hits you with a +0 trident of venom!
You hit the gnoll sergeant but do no damage.
The gnoll sergeant is lightly wounded.
The gnoll sergeant hits you with a +0 trident of venom!
You are too injured to fight recklessly!
You are too injured to fight recklessly!
You are too injured to fight recklessly!
You are too injured to fight recklessly!
You are too injured to fight recklessly!
You are too injured to fight recklessly!
You are too injured to fight recklessly!
You are too injured to fight recklessly!
You are too injured to fight recklessly!
You are too injured to fight recklessly!
You are too injured to fight recklessly!
You are too injured to fight recklessly!
You are too injured to fight recklessly!
You are too injured to fight recklessly!
You are too injured to fight recklessly!
You are too injured to fight recklessly!
You are too injured to fight recklessly!
The gnoll sergeant hits you but does no damage.
The orc priest mumbles some strange prayers to Beogh against you.
Beogh smites you!
* * * LOW HITPOINT WARNING * * *
The orc priest begins to cast a cantrip, but forgets the words!
The orc priest calls down the wrath of Beogh upon you.
Beogh smites you!
You die...

###############
#..........§§§#
#.........§.§§#
#....##...§§§##
#..####...§§§#
#.........§..#
#...........§#
##@####....§§#
##...##...>..#
#.g...#......#
#.....#......#
#....##......#
#.#####......#
#o# .........
#5# #..........
#.# ##......##.


You could see a gnoll sergeant, an orc priest and a white imp.

Vanquished Creatures
  A scorpion (D:5)
  3 centaur zombies (Ossuary)
  Crazy Yiuf (D:5)
  2 orc priests
  An iguana (D:5)
  2 mummies (Ossuary)
  8 adders
  An ufetubus (D:5)
  5 adder zombies (Ossuary)
  2 worms
  2 dart slugs
  11 orcs
  2 ball pythons
  9 endoplasms
  3 giant cockroaches (D:2)
  6 goblins
  3 hobgoblins
  3 kobolds
  6 quokkas
  4 bats
  6 frilled lizards
  15 hobgoblin zombies (Ossuary)
  A jackal zombie (Ossuary)
  7 kobold zombies (Ossuary)
  4 orc zombies (Ossuary)
  6 rats
  A rat zombie (Ossuary)
115 creatures vanquished.

Notes
Turn   | Place    | Note
-------+----------+-------------------------------------------
     0 | D:1      | Dittersdorf the Gargoyle Fighter began the quest for the
                  | Orb.
     0 | D:1      | Reached XP level 1. HP: 14/14 MP: 1/1
   328 | D:1      | Reached XP level 2. HP: 12/19 MP: 2/2
  1083 | D:2      | Reached XP level 3. HP: 23/23 MP: 3/3
  1590 | D:3      | Reached XP level 4. HP: 20/29 MP: 4/4
  2174 | D:4      | Found a sparkling altar of Nemelex Xobeh.
  2382 | D:4      | Reached XP level 5. HP: 24/33 MP: 5/5
  2616 | D:4      | Found a large runed translucent door.
  2616 | D:4      | Found a large runed translucent door.
  2621 | D:4      | Noticed Moral's ghost (amateur NaAE)
  2882 | D:5      | Entered Level 5 of the Dungeon
  2922 | D:5      | Found a sand-covered staircase.
  2930 | Ossuary  | Entered an ossuary
  3106 | Ossuary  | Reached XP level 6. HP: 39/39 MP: 6/6
  3284 | D:5      | Reached skill level 5 in Shields
  3394 | D:5      | Reached skill level 5 in Fighting
  3394 | D:5      | Reached skill level 5 in Armour
  3394 | D:5      | Reached XP level 7. HP: 44/44 MP: 7/7
  3560 | D:5      | Found a runed translucent door.
  3561 | D:5      | Noticed Crazy Yiuf
  3780 | D:5      | Killed Crazy Yiuf
  3894 | D:6      | Identified the ring of Awe {rElec rPois rC+ SInv Stlth-}
  3960 | D:6      | Killed from afar by an orc priest

Illustrated notes

Levels and vault maps discovered:
D:1:      amcnicky_arrival_double_pillar, layout_loops_corners, serial_aquarium,
          aquarium_bridge_long_separate [aquarium_subvault_bridge,
          aquarium_subvault_bridge, aquarium_subvault_bridge,
          aquarium_subvault_bridge, aquarium_subvault_wall,
          aquarium_subvault_wall], aquarium_window_corner, aquarium_window_2,
          aquarium_window_corner, aquarium_view_2b, aquarium_balcony_1b,
          kennysheep_decorative_pillar
D:2:      layout_basic
D:3:      layout_loops_ring, minmay_strange_pillars
D:4:      layout_basic, mainiacjoe_overflow_catwalk, ebering_ghost_disaster_area
D:5:      layout_rooms, nicolae_ossuary_entry_monument, uniq_crazy_yiuf_cottage
D:6:      layout_gridville, general_overflow_altar, lightli_temple_of_fire,
          minmay_starry_boxes

Skill      XL: |  1  2  3  4  5  6 |
---------------+-------------------+-----
Fighting       | 4 5 |  5.1
Armour         | 4 5 |  5.1
Shields        | 4 5 |  5.2
Maces & Flails | 3 4 |  4.1

Action                     |  1- 3 |  4- 6 |  7- 9 || total
---------------------------+-------+-------+-------++-------
  Melee: Flail             |   158 |   256 |    24 ||   438
    Use: Scroll            |       |    11 |     3 ||    14
   Stab: Distracted        |       |     1 |       ||     1
 Armour: Chain mail        |   128 |   220 |    15 ||   363
  Dodge: Dodged            |    76 |   144 |     7 ||   227
  Block: Buckler           |    35 |    74 |     7 ||   116

Table legend: (Time is in decaauts)
 A = Elapsed time spent in this place.
 B = Non-inter-level travel time spent in this place.
 C = Inter-level travel time spent in this place.
 D = Time resting spent in this place.
 E = Time spent auto-exploring this place.
 F = Levels seen in this place.
 G = Mean time per level.
                   A        B        C        D        E       F      G
               +--------+--------+--------+--------+--------+-----+--------+
         Total |   4081 |   3860 |    221 |    204 |   2669 |   7 |  583.0 |
       Dungeon |   3755 |   3534 |    221 |    204 |   2543 |   6 |  625.8 |
       Ossuary |    325 |    325 |      0 |      0 |    126 |   1 |  325.0 |
               +--------+--------+--------+--------+--------+-----+--------+

Top non-repeatable levels by time:
     D:1: 906 daAuts
     D:3: 783 daAuts
     D:4: 753 daAuts
     D:5: 691 daAuts
     D:2: 517 daAuts
 Ossuary: 325 daAuts
     D:6: 103 daAuts
